Map: Prion Terraces

Players

Sziky - Winner!

  • Race: Zerg Zerg
  • League: Grandmaster

Miszu

  • Race: Terran Terran
  • League: Grandmaster

VOD

Have the link to the VOD?

Description

Time

  • Played on: Feb. 8, 2016, 12:09 p.m.
  • Length: 6:24
Show
View Real Time Build Order
Export as new Build Order

Sziky Zerg - Winner!

Build Orders: Hatch First 

Get SALT Encoding   

  12  0:01  Drone  
  13  0:12  Overlord  
  13  0:18  Drone  
  14  0:32  Drone x2  
  16  0:35  Drone  
  17  0:53  Hatchery  
  17  0:56  Drone  
  17  1:00  Drone  
  18  1:12  Extractor  
  18  1:16  Spawning Pool  
  16  1:19  Drone  
  16  1:25  Drone  
  18  1:38  Overlord  
  18  1:40  Drone  
  19  1:50  Drone  
  20  2:03  Zergling x2, Queen  
  20  2:05  Queen  
  20  2:06  Drone  
  26  2:12  Drone  
  27  2:18  Metabolic Boost  
  27  2:21  Drone  
  28  2:24  Drone  
  28  2:27  Drone  
  30  2:33  Drone  
  31  2:38  Drone  
  31  2:41  Queen  
  34  2:47  Overlord  
  34  2:49  Zergling x2  
  35  2:55  Zergling x2  
  35  3:05  Zergling x2  
  35  3:09  Zergling x4  
  38  3:17  Zergling x8  
  42  3:20  Queen  
  42  3:21  Overlord  
  42  3:23  Overlord  
  44  3:36  Lair  
  44  3:41  Extractor x2, Drone x4  
  46  3:51  Drone x2  
  46  3:52  Drone x2  
  46  3:53  Drone x2  
  46  3:54  Drone  
  53  3:59  Drone  
  54  4:05  Drone x2  
  54  4:06  Roach Warren  
  55  4:13  Drone  
  55  4:15  Drone  
  57  4:27  Drone x2  
  58  4:40  Overlord x2, Hatchery  
  57  4:47  Glial Reconstitution  
  57  4:49  Roach  
  57  4:50  Overlord  
  59  4:57  Overlord  
  59  5:00  Roach x2  
  59  5:01  Roach x4  
  59  5:04  Roach  
  59  5:06  Roach  
  75  5:12  Baneling Nest  
  74  5:23  Extractor  
  74  5:26  Roach x5  
  74  5:27  Overlord  
  83  5:42  Ravager x4  
  86  5:48  Zergling x6  
  86  5:49  Zergling x8  
  92  5:56  Baneling x4  
  92  5:57  Baneling x2  
  92  5:59  Drone x2  
  92  6:00  Drone x2  
  96  6:05  Overlord  
  96  6:09  Evolution Chamber  
  95  6:12  Evolution Chamber  
Show
View Real Time Build Order
Export as new Build Order

Miszu Terran 

Build Orders:  

Get SALT Encoding   

  12  0:01  SCV  
  13  0:13  SCV  
  14  0:17  Supply Depot  
  14  0:26  SCV  
  15  0:39  SCV  
  15  0:42  Barracks  
  16  0:44  Refinery  
  16  0:51  SCV  
  17  1:03  SCV  
  18  1:15  SCV  
  19  1:31  Orbital Command  
  19  1:33  Barracks Reactor  
  19  1:42  Command Center  
  19  1:52  Supply Depot  
  19  1:57  SCV  
  20  2:09  SCV  
  20  2:10  Reaper x2  
  23  2:21  SCV  
  24  2:35  SCV  
  24  2:37  Command Center  
  25  2:44  Reaper x2  
  25  2:47  SCV  
  28  2:53  Orbital Command  
  28  3:00  SCV  
  28  3:03  Refinery  
  29  3:12  SCV  
  30  3:18  Reaper x2  
  30  3:19  SCV  
  33  3:24  SCV  
  33  3:25  Barracks  
  33  3:26  Barracks  
  34  3:31  SCV  
  35  3:36  SCV  
  36  3:43  SCV  
  36  3:48  SCV  
  37  3:50  Marine  
  37  3:51  Orbital Command  
  37  3:53  Marine  
  37  3:55  SCV  
  40  3:58  Refinery  
  40  4:00  Refinery, SCV  
  41  4:05  Engineering Bay  
  41  4:07  Engineering Bay, SCV  
  41  4:08  Supply Depot  
  42  4:11  Marine  
  42  4:12  SCV  
  42  4:16  SCV  
  45  4:19  SCV  
  45  4:22  Barracks Tech Lab  
  46  4:24  Barracks Tech Lab, SCV  
  46  4:28  SCV  
  46  4:30  Marine  
  46  4:31  Marine, SCV  
  50  4:36  SCV  
  50  4:39  Factory  
  49  4:46  Marine  
  49  4:47  Marine  
  49  4:48  Marine x2, SCV  
  49  4:49  SCV  
  49  4:50  SCV  
  56  4:56  Combat Shields  
  56  5:00  SCV  
  56  5:02  Supply Depot, Orbital Command  
  56  5:04  Marine  
  56  5:05  Supply Depot  
  58  5:07  Marine x2  
  58  5:08  Marine  
  58  5:12  SCV  
  58  5:13  SCV  
  63  5:22  Marine  
  63  5:24  Marine, SCV  
  63  5:25  Starport, Barracks  
  63  5:26  Factory Reactor  
  66  5:29  Barracks  
  66  5:31  SCV  
  66  5:35  SCV  
  68  5:36  SCV  
  67  5:43  Marine, SCV  
  67  5:44  Marine  
  67  5:47  SCV  
  67  5:49  SCV  
  74  5:50  Supply Depot  
  74  5:51  Supply Depot  
  74  5:53  Marine  
  74  5:55  SCV  
  74  5:57  Armory  
  74  5:59  SCV  
  74  6:01  SCV  
  74  6:03  Supply Depot  
  76  6:04  Bunker  
  76  6:05  Marine  
  76  6:08  SCV  
  78  6:12  Factory Tech Lab  
  78  6:14  Barracks Reactor  
  78  6:16  Barracks Tech Lab  
  78  6:17  Barracks Tech Lab  
Tags
 
Add a new tag
Caveats
  • Supply blocks, unpowered buildings, or Contaminate may cause inaccurate times.
  • Supply counts are checked every 10 seconds.